 Dungeon Crawl Stone Soup version 0.28.0-49-g6dfe1f597d (webtiles) character file.

Game seed: 625880766412310857

540 Atelerd the Changer (level 7, -2/41 HPs)
             Began as an Octopode Earth Elementalist on May 15, 2022.
             Slain by a water moccasin (5 damage)
             ... on level 5 of the Dungeon.
             The game lasted 00:03:36 (4958 turns).

Atelerd the Changer (Octopode Earth Elementalist)   Turns: 4958, Time: 00:03:36

Health: -2/41      AC:  1    Str:  8    XL:     7   Next: 26%
Magic:  6/12       EV: 13    Int: 19    God:
Gold:   269        SH:  0    Dex: 12    Spells: 8/13 levels left

rFire   . . .      SeeInvis .   d - +0 dagger (venom)
rCold   . . .      Faith    .   (no shield)
rNeg    . . .      Spirit   .   (helmet restricted)
rPois   .          Reflect  .   (no amulet)
rElec   .          Harm     .   (no ring)
rCorr   .          Rampage  .   (no ring)
Will    .....                   (no ring)
Stlth   +++.......              (no ring)
HPRegen 0.13/turn               (no ring)
MPRegen 0.13/turn               (no ring)
                                (no ring)
                                (no ring)

@: lethally poisoned (-2 -> -13)
A: almost no armour, amphibious, 8 rings, camouflage 1, gelatinous body 1,
(nimble swimmer 1), tentacles
a: no special abilities


You were on level 5 of the Dungeon.
You visited 1 branch of the dungeon, and saw 5 of its levels.

You collected 269 gold pieces.

Inventory:

Hand Weapons
 a - a +0 dagger
 d - a +0 dagger of venom (weapon)
Missiles
 b - 141 stones
 p - a throwing net
Jewellery
 f - a +4 ring of protection
Wands
 s - a wand of mindburst (20)
Scrolls
 c - 8 scrolls of identify {unknown}
 e - a scroll of fog {unknown}
 k - 2 scrolls of blinking {unknown}
 l - a scroll of brand weapon {unknown}
 o - 2 scrolls of enchant armour {unknown}
 q - a scroll of teleportation {unknown}
 r - a scroll of immolation {unknown}
 t - a scroll of magic mapping {unknown}
Potions
 g - a potion of lignification {unknown}
 h - a potion of degeneration {unknown}
 i - a potion of berserk rage {unknown}
 j - 2 potions of might
 m - a potion of flight
 n - a potion of ambrosia
 u - a potion of resistance {unknown}
 v - a potion of curing {unknown}
 w - a potion of cancellation


   Skills:
 - Level 0.2 Short Blades
 - Level 2.0 Dodging
 * Level 4.0 Stealth
 + Level 3.7 Spellcasting
 - Level 5.0 Transmutations
 + Level 4.7 Earth Magic


You had 8 spell levels left.
You knew the following spells:

 Your Spells              Type           Power      Damage    Failure   Level
a - Sandblast             Erth           42%        2d11      1%          1
p - Petrify               Tmut/Erth      22%        N/A       19%         4

Your spell library contained the following spells:

 Spells                   Type           Power      Damage    Failure   Level
 Passwall                 Tmut/Erth      18%        N/A       3%          2
 Summon Small Mammal      Summ           12%        N/A       14%         1
 Stone Arrow              Conj/Erth      24%        3d8       16%         3
 Sublimation of Blood     Necr           3%         N/A       22%         2
 Call Canine Familiar     Summ           3%         N/A       38%         3
 Summon Guardian Golem    Hex/Summ       3%         N/A       38%         3
 Irradiate                Conj/Tmut      6%         3d15      80%         5
 Fireball                 Conj/Fire      1%         3d3       98%         5
 Iskenderun's Battlesphe  Conj           3%         2d6       98%         5
 Conjure Ball Lightning   Conj/Air       1%         3x3d6     100%        6
 Orb of Destruction       Conj           1%         9d5       100%        7


Dungeon Overview and Level Annotations

Branches:
Dungeon (5/15)
 Temple: D:4-7

Altars:
Zin

Annotations:
D:4 2 runed translucent doors, Eitelfritz's ghost, amateur MiGl


Innate Abilities, Weirdness & Mutations

You cannot wear most types of armour.
You are amphibious.
You can wear up to eight rings at the same time.
Your skin changes colour to match your surroundings (Stealth+).
Your rubbery body absorbs attacks. (AC +1, EV +1)
((You are camouflaged when in or above water. (Stealth+)))
You have tentacles for arms and can constrict up to eight enemies at once.


Message History

The spell is quite dangerous to miscast (19% risk of failure)!
Continue anyway?
Aiming: Petrify (quite dangerous; 19% risk of failure)
Press: ? - help, Shift-Dir - straight line, f/p - water moccasin
Aim: a water moccasin (moderately wounded, chance to affect: 54%)
You miscast Petrify.
You are very lightly contaminated with residual magic.
Your limbs ache and wobble like jelly.
You feel sick. The water moccasin closely misses you.
It was a potion of might.
You feel very mighty all of a sudden.
You feel sick.
The water moccasin bites you but does no damage.
The water moccasin bites you.
You are lethally poisoned!
The water moccasin poisons you!
It was a potion of flight.
You feel very buoyant.
You fly up into the air.
* * * LOW HITPOINT WARNING * * *
You feel very sick. The water moccasin bites you!
* * * LOW HITPOINT WARNING * * *
It was a potion of ambrosia.
You are confused.
You feel invigorated.
* * * LOW HITPOINT WARNING * * *
You feel very sick. The water moccasin barely misses you.
It was a potion of cancellation.
Your magical effects are unravelling.
You feel magically purged.
Your magical contamination has completely faded away.
You feel less invigorated.
You float gracefully downwards.
You feel less confused.
You feel a little less mighty now.
* * * LOW HITPOINT WARNING * * *
You feel very sick. The water moccasin bites you.
* * * LOW HITPOINT WARNING * * *
The water moccasin bites you.
You die...

....#.............##.............
....+.........................###
....#..........................##
....# .........................##
....# ........................##
....# ......................###
.#######....####.....## #
#..$.####.....# # #@............#
# #.S..#..........####
#....#..........#...
#....#..........#...
.....#..........#...
.....................
.....................#
.......................
.............


You could see a water moccasin.

Vanquished Creatures
  Sigmund (D:3)
  A scorpion (D:5)
  A howler monkey (D:5)
  2 bullfrog zombies (D:5)
  A gnoll shaman (D:4)
  A bullfrog skeleton (D:4)
  An iguana (D:4)
  3 gnolls (D:4)
  4 adders
  An adder skeleton (D:4)
  6 orcs
  7 endoplasms
  A giant cockroach (D:1)
  9 goblins
  11 hobgoblins
  2 quokkas
  2 ball pythons
  7 bats
  2 frilled lizards (D:2)
  4 kobolds
  5 rats
72 creatures vanquished.

Notes
Turn   | Place    | Note
-------+----------+-------------------------------------------
     0 | D:1      | Atelerd the Octopode Earth Elementalist began the quest for
                  | the Orb.
     0 | D:1      | Reached XP level 1. HP: 11/11 MP: 3/3
   405 | D:1      | Reached XP level 2. HP: 17/17 MP: 3/5
  1128 | D:2      | Reached skill level 2 in Transmutations
  1235 | D:2      | Reached XP level 3. HP: 15/21 MP: 4/6
  1966 | D:2      | Found a faded altar of an unknown god.
  2058 | D:3      | Noticed Sigmund
  2073 | D:3      | Killed Sigmund
  2074 | D:3      | Reached skill level 3 in Transmutations
  2074 | D:3      | Reached XP level 4. HP: 23/27 MP: 6/8
  2074 | D:3      | Reached XP level 5. HP: 27/31 MP: 6/9
  2172 | D:3      | Reached skill level 4 in Transmutations
  2177 | D:3      | Learned a level 4 spell: Petrify
  2406 | D:3      | Reached XP level 6. HP: 29/36 MP: 10/10
  3812 | D:4      | Found a glowing silver altar of Zin.
  3962 | D:4      | Found a large runed translucent door.
  3964 | D:4      | Found a large runed translucent door.
  3966 | D:4      | Noticed Eitelfritz's ghost (amateur MiGl)
  4279 | D:5      | Entered Level 5 of the Dungeon
  4353 | D:5      | Reached XP level 7. HP: 31/41 MP: 10/12
  4651 | D:5      | Reached skill level 5 in Transmutations
  4958 | D:5      | Slain by a water moccasin

Illustrated notes

Levels and vault maps discovered:
D:1:      nicolae_arrival_memento_mori, layout_basic
D:2:      layout_loops_ring, chequers_ecumenical_altar_lobes
D:3:      layout_loops_ring, uniq_sigmund
D:4:      layout_cave_pods, zin_academy, ebering_ghost_disaster_area
D:5:      layout_basic, nicolae_overflow_hidden_temple

Skill      XL: |  1  2  3  4  5  6  7 |
---------------+----------------------+-----
Transmutations | 2 3 4 5 |  5.0
Spellcasting   | 3 |  3.7
Earth Magic    | 4 |  4.7
Stealth        | 3 4 |  4.0
Short Blades   | |  0.2
Dodging        | |  2.0

Action                   |  1- 3 |  4- 6 |  7- 9 || total
-------------------------+-------+-------+-------++-------
Melee: Dagger            |    38 |    71 |    15 ||   124
       Constrict         |    15 |    17 |     3 ||    35
       Tentacles         |     4 |    19 |     5 ||    28
       Punch             |     1 |       |       ||     1
 Cast: Sandblast         |    26 |    11 |       ||    37
       Petrify           |       |     4 |     4 ||     8
  Use: Potion            |       |       |     4 ||     4
 Stab: Sleeping          |     5 |     5 |     2 ||    12
       Distracted        |     1 |       |       ||     1
       Petrified         |       |    21 |     7 ||    28
Armor: Skin              |     1 |     4 |     2 ||     7
Dodge: Dodged            |    24 |    30 |     7 ||    61
